 Dungeon Crawl Stone Soup version 0.25-a0-283-ge7e91ba8d0 (webtiles) character file.

Game seed: 1464226684339166334, levelgen mode: deterministic

1822 Faustar the Spear-Bearer (level 9, -3/78 HPs)
             Began as a Merfolk Gladiator on Dec 11, 2019.
             Was an Initiate of Okawaru.
             Slain by a hellwing (5 damage)
             ... on level 7 of the Dungeon.
             The game lasted 00:20:03 (6977 turns).

Faustar the Spear-Bearer (Merfolk Gladiator)        Turns: 6977, Time: 00:20:04

Health: -3/78      AC:  9    Str: 17    XL:     9   Next: 10%
Magic:  9/9        EV: 13    Int:  7    God:    Okawaru [......]
Gold:   303        SH:  0    Dex: 16    Spells: 8/8 levels left

rFire    . . .     SeeInvis .   a - +1 trident
rCold    . . .     Gourm    .   (no shield)
rNeg     . . .     Faith    .   m - +0 ring mail
rPois    .         Spirit   .   c - +0 helmet
rElec    .         Reflect  .   r - +0 cloak
rCorr    .         Harm     .   v - +1 pair of gloves
MR       +....                  (no boots)
Stlth    ..........             i - amulet of rage
HPRegen  0.23/turn              y - ring of attention (curse)
MPRegen  0.11/turn              p - ring of protection from magic

@: no status effects
A: change form in water, swift swim, stealthy swim
a: Renounce Religion, Evoke Berserk Rage


You were on level 7 of the Dungeon.
You worshipped Okawaru.
Okawaru was noncommittal.
You were not hungry.

You visited 2 branches of the dungeon, and saw 8 of its levels.

You collected 303 gold pieces.

Inventory:

Hand Weapons
 a - a +1 trident (weapon)
Missiles
 d - 3 throwing nets (quivered)
Armour
 b - a +0 leather armour
 c - a +0 helmet (worn)
 m - a +0 ring mail (worn)
 r - a +0 cloak (worn)
 v - a +1 pair of gloves (worn)
Jewellery
 i - an amulet of rage (around neck)
 n - an uncursed ring of wizardry
 p - a ring of protection from magic (right hand)
 y - a cursed ring of attention (left hand)
Wands
 x - a wand of random effects (8)
Scrolls
 g - 4 scrolls of teleportation
Potions
 e - 2 potions of haste {unknown}
 h - 3 potions of lignification
 k - a potion of resistance
 l - a potion of flight
 o - a potion of agility
 q - a potion of berserk rage {unknown}
 t - 3 potions of mutation {unknown}
 u - 2 potions of brilliance
 w - a potion of might
 z - 2 potions of invisibility {unknown}
 A - a potion of heal wounds {unknown}
Comestibles
 f - 8 rations


   Skills:
 + Level 9.8 Fighting
 - Level 11.3 Polearms
 - Level 2.0 Throwing
 - Level 4.0 Dodging


You had 8 spell levels left.
You didn't know any spells.
Your spell library contained the following spells:

 Spells                   Type           Power        Failure   Level  Hunger
 Animate Skeleton         Necr           N/A          65%         1    ##.....
 Pain                     Necr           #...         65%         1    ##.....
 Regeneration             Chrm/Necr      #.........   95%         3    ####...
 Vampiric Draining        Necr           #.........   95%         3    ####...
 Animate Dead             Necr           N/A          100%        4    #####..


Dungeon Overview and Level Annotations

Branches:
Dungeon (7/15)             Temple (1/1) D:6

Altars:
Ashenzari
Cheibriados
Dithmenos
Elyvilon
Fedhas
Gozag
Hepliaklqana
Kikubaaqudgha
Nemelex Xobeh
Okawaru
Qazlal
Ru
Sif Muna
Trog
Uskayaw
Vehumet
Wu Jian
Xom
Zin
The Shining One

Annotations:
D:7 Harold


Message History

The hellwing is almost dead.
The hellwing hits you.
* * * LOW HITPOINT WARNING * * *
The hellwing hits you.
* * * LOW HITPOINT WARNING * * *
You barely miss the hellwing.
The hellwing is severely wounded.
The hellwing hits you but does no damage.
The hellwing hits you.
* * * LOW HITPOINT WARNING * * *
You barely miss the hellwing.
The hellwing is severely wounded.
You hit the hellwing.
The hellwing is almost dead.
The hellwing completely misses you.
The hellwing hits you but does no damage.
You closely miss the hellwing.
The hellwing is almost dead.
The hellwing closely misses you. The hellwing hits you.
You die...

##.#.Z.#####.###
#..###......##.
#..# #......##.
##%# #....(.##O .#
#o....o##o # .#
#...o..##Z ..
#......##4
####.###########
#....oo##o
?......%.....4@#
#......##Z
####...........#
#......##.
##################
#......##.
..4......
....4ZOZ..Z
########Z
....####### # ....
# >.. # .. #


You could see a hellwing.

Vanquished Creatures
  A meliai zombie (D:7)
  Sigmund (D:3)
  A sky beast (D:5)
  2 ice beasts
  A centaur (D:6)
  An ogre (D:4)
  2 bullfrogs (D:6)
  2 crimson imps
  A bullfrog zombie (D:6)
  An orc priest (D:6)
  2 centaur skeletons
  3 hounds
  Jessica (D:2)
  2 iguanas
  3 worker ants
  8 adders
  4 shadow imps
  3 oozes
  An adder skeleton (D:6)
  5 worms
  4 dart slugs
  7 leopard geckos
  18 orcs
  2 ball pythons
  9 giant cockroaches
  6 goblins
  7 hobgoblins
  2 jackals (D:1)
  6 kobolds
  A quokka (D:7)
  8 bats
  9 frilled lizards
  A leopard gecko skeleton (D:4)
  6 rats
131 creatures vanquished.

Notes
Turn   | Place    | Note
-------+----------+-------------------------------------------
     0 | D:1      | Faustar the Merfolk Gladiator began the quest for the Orb.
     0 | D:1      | Reached XP level 1. HP: 16/16 MP: 1/1
   146 | D:1      | Reached skill level 5 in Polearms
   148 | D:1      | Reached XP level 2. HP: 14/22 MP: 2/2
   635 | D:1      | Reached skill level 6 in Polearms
   635 | D:1      | Reached XP level 3. HP: 21/27 MP: 3/3
  1040 | D:2      | Noticed Jessica
  1056 | D:2      | Killed Jessica
  1056 | D:2      | Reached skill level 7 in Polearms
  1056 | D:2      | Reached XP level 4. HP: 29/33 MP: 4/4
  1176 | D:2      | Found a hazy altar of Hepliaklqana.
  1177 | D:2      | Found a shimmering altar of Xom.
  1177 | D:2      | Noticed a bullfrog
  1178 | D:2      | Noticed a bullfrog
  1178 | D:2      | Noticed a spectral ugly thing
  1578 | D:2      | Reached skill level 8 in Polearms
  1613 | D:2      | Reached XP level 5. HP: 38/38 MP: 5/5
  2014 | D:3      | Found a shattered altar of Ashenzari.
  2185 | D:3      | Noticed an ice beast
  2461 | D:3      | Killed an ice beast
  2461 | D:3      | Reached skill level 9 in Polearms
  2461 | D:3      | Reached XP level 6. HP: 44/44 MP: 6/6
  2653 | D:3      | Noticed Sigmund
  3117 | D:3      | Killed Sigmund
  3117 | D:3      | Reached skill level 10 in Polearms
  3117 | D:3      | Reached XP level 7. HP: 50/50 MP: 7/7
  3255 | D:3      | Found a stormy altar of Qazlal.
  3369 | D:4      | Reached skill level 11 in Polearms
  4506 | D:5      | Entered Level 5 of the Dungeon
  4790 | D:5      | Reached XP level 8. HP: 55/65 MP: 8/8
  5799 | D:6      | Found a staircase to the Ecumenical Temple.
  5945 | Temple   | Entered the Ecumenical Temple
  5957 | Temple   | Became a worshipper of Warmaster Okawaru
  6796 | D:7      | Noticed Harold
  6838 | D:7      | Noticed a hellwing
  6851 | D:7      | Found a blossoming altar of Fedhas.
  6887 | D:7      | Reached XP level 9. HP: 72/76 MP: 9/9
  6924 | D:7      | Noticed a hellwing
  6974 | D:7      | HP: 1/78 [hellwing (4)]
  6977 | D:7      | Slain by a hellwing

Levels and vault maps discovered:
D:1:      minmay_arrival_plants_in_alcoves, layout_basic
D:2:      minmay_chambers_of_twos, layout_loops_corners,
          regret_index_temple_of_mockery, first_ration, uniq_jessica
D:3:      layout_rooms, cheibrodos_ashenzari_chains,
          nicolae_overflow_hidden_temple, uniq_sigmund
D:4:      layout_loops_ring, minmay_misc_feat_cross
D:5:      layout_loops_ring, kennysheep_another_room
D:6:      layout_loops_corners, minmay_temple_entry_trees
D:7:      cheibrodos_grave_circle, layout_basic, nicolae_overflow_crystal_walls,
          serial_shops, shop, uniq_harold, uniq_pikel
Temple:   nicolae_temple_no_exploring_needed

Skill      XL: |  1  2  3  4  5  6  7  8 |
---------------+-------------------------+-----
Polearms       | 5 6 7 8 9 10 11 | 11.3
Fighting       | 6 9 |  9.8
Throwing       | |  2.0
Dodging        | |  4.0

Action                   |  1- 3 |  4- 6 |  7- 9 || total
-------------------------+-------+-------+-------++-------
Melee: Trident           |   103 |   163 |   304 ||   570
 Abil: Evoke Berserk Rag |       |     1 |       ||     1
Evoke: Wand              |       |       |     4 ||     4
  Use: Scroll            |       |     6 |    13 ||    19
 Stab: Sleeping          |     2 |     3 |       ||     5
       Distracted        |       |     1 |       ||     1
  Eat: Chunk             |       |     6 |    12 ||    18
       Ration            |       |       |     1 ||     1
Armor: Leather armour    |    16 |    31 |     3 ||    50
       Ring mail         |       |       |    60 ||    60
Dodge: Dodged            |    66 |   141 |   157 ||   364

Table legend:
 A = Non-vault XP
 B = Vault XP
 C = Vault XP percentage of total XP
 D = Non-vault monster count
 E = Vault monster count
 F = Vault count percentage of total count
                 A         B        C        D         E       F
            +---------+---------+-------+---------+---------+-------
      Total |    2085 |     519 |  19.9 |     119 |      12 |   9.2
            +---------+---------+-------+---------+---------+-------
        D:1 |      37 |       0 |   0.0 |      17 |       0 |   0.0
        D:2 |     115 |      50 |  30.3 |      30 |       9 |  23.1
        D:3 |     211 |     223 |  51.4 |      24 |       1 |   4.0
        D:4 |     195 |       0 |   0.0 |      13 |       0 |   0.0
        D:5 |     752 |       0 |   0.0 |      14 |       0 |   0.0
        D:6 |     760 |       0 |   0.0 |      19 |       0 |   0.0
        D:7 |      15 |     246 |  94.3 |       2 |       2 |  50.0
            +---------+---------+-------+---------+---------+-------
